 Dungeon Crawl Stone Soup version 0.29-a0-219-g0a02b1cf4f (webtiles) character file.

Game seed: 1931233873459768931

342 sammy202020 the Skirmisher (level 6, -3/58 HPs)
             Began as a Naga Berserker on Feb 26, 2022.
             Was a Believer of Trog.
             Slain by a small abomination (11 damage)
             ... on level 3 of the Dungeon.
             The game lasted 00:09:49 (3610 turns).

sammy202020 the Skirmisher (Naga Berserker)         Turns: 3610, Time: 00:09:53

Health: -3/58      AC:  5    Str: 21    XL:     6   Next: 57%
Magic:  6/6        EV:  9    Int:  8    God:    Trog [**....]
Gold:   123        SH:  0    Dex: 10    Spells: 5/5 levels left

rFire   . . .      SeeInvis +   g - +1 flail (protect)
rCold   . . .      Faith    .   (no shield)
rNeg    . . .      Spirit   .   e - +0 ring mail
rPois   +          Reflect  .   (no helmet)
rElec   .          Harm     .   (no cloak)
rCorr   .          Rampage  .   (no gloves)
Will    ++...                   (no barding)
Stlth   ..........              (no amulet)
HPRegen 1.00/turn               (no ring)
MPRegen 0.10/turn               (no ring)

@: strong-willed, on berserk cooldown, sick, regenerating, slowed, very slow
A: AC +2, large, see invisible, deformed body, poison resistance, slowness 2,
spit poison 1, naga tail 1
a: Spit Poison, Renounce Religion, Berserk, Trog's Hand


You were on level 3 of the Dungeon.
You worshipped Trog.
Trog was pleased with you.
You visited 1 branch of the dungeon, and saw 3 of its levels.

You collected 123 gold pieces.

Inventory:

Hand Weapons
 a - a +1 mace of freezing
 g - a +1 flail of protection (weapon)
 j - a +0 flail
Armour
 b - a +0 animal skin
 e - a +0 ring mail (worn)
Jewellery
 h - a ring of protection from fire
Scrolls
 k - a scroll of teleportation
 l - a scroll of enchant armour {unknown}
Potions
 c - 3 potions of heal wounds {unknown}
 d - 3 potions of curing
 f - a potion of attraction {unknown}
 i - a potion of might {unknown}


   Skills:
 + Level 4.4 Fighting
 + Level 4.3 Maces & Flails
 + Level 3.0 Armour
 + Level 3.0 Dodging


You had 5 spell levels left.
You didn't know any spells.
Your spell library was empty.

Dungeon Overview and Level Annotations

Branches:
Dungeon (3/15)

Altars:
Vehumet

Shops:
D:1 (

Portals:
Abyss: D:3

Annotations:
D:3 1 transporter, Cecur's ghost, amateur FoFi


Innate Abilities, Weirdness & Mutations

Your serpentine skin is tough. (AC +2)
You have supernaturally acute eyesight. (SInv)
Armour fits poorly on your strangely shaped body.
Your system is resistant to poisons. (rPois)
You cover ground very slowly.
You can spit poison.
You have a snake-like lower body.


Message History

You thump the small abomination!
You destroy the small abomination!
Trog accepts your kill.
Your Armour skill increases to level 3!
Your Dodging skill increases to level 3!
You feel a strong urge to attack something.
You are no longer berserk.
You are exhausted.
You feel yourself slow down.
You see here 7 gold pieces.
Aiming: Spit Poison (1% risk of failure)
Press: ? - help, Q - select action, (/) - cycle Shift-Dir - straight line
Okay, then.
The small abomination enters a dispersal trap!
You blink.
The small abomination blinks!
You feel yourself growing ill in the presence of the ancient zyme.
The small abomination enters a dispersal trap!
The ancient zyme blinks!
You blink.
Aiming: Spit Poison (1% risk of failure)
Press: ? - help, Q - select action, (/) - cycle Shift-Dir - straight line, f - gnoll
Aim: a gnoll, wielding a +2 whip of distortion (wandering, hasn't noticed you, 65% to hit)
The splash of poison hits the gnoll but does no damage.
The gnoll is poisoned.
The gnoll shouts!
The small abomination hits you!
You feel ill.
Unknown command.
Your skin crawls.
You feel strong-willed.
You have got your breath back.
The small abomination closely misses you.
The gnoll hits you but does no damage. Space warps around you.
The small abomination hits you!
* * * LOW HITPOINT WARNING * * *
You closely miss the gnoll.
The gnoll is moderately wounded.
The small abomination closely misses you.
The gnoll hits you with a +2 whip of distortion.
* * * LOW HITPOINT WARNING * * *
You feel ill. The small abomination hits you!
You die...

..........######...........#####.
..........'....'...........##..#.
..........####..)..........##...#
..........####.#...........##....
.................................
###..............................
#........###..###.............#
#...###.##$####.##....#+#.....#
#...#.###...##@#.#....#........
#...#!#.......gxW#©...##.....##
#...##..^.##..#..##...##.......
#....#..##..#####.##..###.#+#.#
##...##∩.#x##.#...##..# #.#....
#.....##..x#..##.##...# #......
###)†....#?.:##..###....# ##.#..#
.........#..§.#.........# #...)#
.......###.##$##........# ##...#


You could see an ancient zyme, 2 small abominations, Cecur's ghost and a gnoll
(poisoned).

Vanquished Creatures
  A small abomination (D:3)
  A scorpion (D:3)
  3 gnolls (D:3)
  5 adders
  2 worms
  4 dart slugs
  5 ball pythons
  9 endoplasms
  4 giant cockroaches
  A goblin (D:2)
  6 hobgoblins
  10 jackals
  9 kobolds
  A quokka (D:1)
  9 bats
  5 frilled lizards
  3 rats
78 creatures vanquished.

Notes
Turn   | Place    | Note
-------+----------+-------------------------------------------
     0 | D:1      | sammy202020 the Naga Berserker began the quest for the Orb.
     0 | D:1      | Reached XP level 1. HP: 21/21 MP: 1/1
   103 | D:1      | HP: 1/31 [kobold/+0 short sword (4)]
   105 | D:1      | Reached XP level 2. HP: 1/28 MP: 2/2
   655 | D:1      | Found a faded altar of an unknown god.
   763 | D:1      | Reached XP level 3. HP: 10/34 MP: 3/3
  1436 | D:1      | Found Qymmyash's Weapon Emporium.
  1668 | D:2      | Reached ** piety under Trog
  1782 | D:2      | Reached XP level 4. HP: 42/42 MP: 4/4
  2547 | D:3      | Found a transporter.
  2659 | D:3      | Noticed Cecur's ghost (amateur FoFi)
  2662 | D:3      | Noticed a scorpion
  2667 | D:3      | Noticed a small abomination
  2675 | D:3      | Reached XP level 5. HP: 45/50 MP: 5/5
  2676 | D:3      | Found a transporter.
  2816 | D:3      | Noticed a small abomination
  2829 | D:3      | Noticed a small abomination
  2854 | D:3      | Noticed an ancient zyme
  3163 | D:3      | Reached XP level 6. HP: 56/57 MP: 6/6
  3325 | D:3      | Found a one-way gate to the infinite horrors of the Abyss.
  3386 | D:3      | Found a radiant altar of Vehumet.
  3604 | D:3      | Killed a small abomination
  3610 | D:3      | Slain by a small abomination

Illustrated notes

Levels and vault maps discovered:
D:1:      lemuel_arrival_muddy, layout_loops_ring,
          ebering_ecumenical_altar_petrified, serial_shops, shop,
          hangedman_decor_clover_reticule
D:2:      layout_loops_ring
D:3:      layout_basic, mainiacjoe_overflow_paths,
          gammafunk_ghost_abyssal_escape

Skill      XL: |  1  2  3  4  5  6 |
---------------+-------------------+-----
Armour         | 2 3 |  3.0
Dodging        | 2 3 |  3.0
Fighting       | 4 |  4.4
Maces & Flails | 4 |  4.3

Action                   |  1- 3 |  4- 6 || total
-------------------------+-------+-------++-------
Melee: Mace              |   114 |    45 ||   159
       Punch             |       |     1 ||     1
       Flail             |       |    24 ||    24
Invok: Berserk           |     2 |     3 ||     5
       Trog's Hand       |       |     2 ||     2
 Abil: Spit Poison       |    20 |    15 ||    35
  Use: Scroll            |       |     6 ||     6
Armor: Animal skin       |     2 |       ||     2
       Ring mail         |    59 |    24 ||    83
Dodge: Dodged            |    88 |    32 ||   120

Table legend: (Time is in decaauts)
 A = Elapsed time spent in this place.
 B = Non-inter-level travel time spent in this place.
 C = Inter-level travel time spent in this place.
 D = Time resting spent in this place.
 E = Time spent auto-exploring this place.
 F = Levels seen in this place.
 G = Mean time per level.
                   A        B        C        D        E       F      G
               +--------+--------+--------+--------+--------+-----+--------+
         Total |   4437 |   4374 |     63 |    627 |   2978 |   3 | 1479.0 |
       Dungeon |   4437 |   4374 |     63 |    627 |   2978 |   3 | 1479.0 |
               +--------+--------+--------+--------+--------+-----+--------+

Top non-repeatable levels by time:
     D:1: 1921 daAuts
     D:3: 1356 daAuts
     D:2: 1159 daAuts
